 Dungeon Crawl Stone Soup version 0.18-a0-775-g4d9e04e (webtiles) character file.

298 JokEr the Skirmisher (level 6, -2/51 HPs)
             Began as a Demonspawn Berserker on Dec 13, 2015.
             Was a Believer of Trog.
             Slain by an adder (3 damage)
             ... on level 3 of the Dungeon.
             The game lasted 00:09:06 (3695 turns).

JokEr the Skirmisher (Demonspawn Berserker)         Turns: 3695, Time: 00:09:06

Health: -2/51      AC: 14    Str: 20    XL:     6   Next: 13%
Magic:  6/6        EV:  5    Int:  8    God:    Trog [**....]
Gold:   106        SH:  0    Dex: 14    Spells: 0 memorised, 5 levels left

rFire  . . .     SeeInvis .     a - +0 hand axe
rCold  . . .     Clarity  .     l - +1 plate armour
rNeg   . . .     SustAt   .     (no shield)
rPois  .         Gourm    .     (no helmet)
rElec  .         Spirit   .     (no cloak)
rCorr  .         Dismiss  .     i - +1 pair of gloves
rMut   .         Stasis   .     d - +0 pair of boots
MR     .....                    (no amulet)
Stlth  ..........               (no ring)
                                (no ring)

@: lethally poisoned (-2 -> -4), very heavily drained, not resistant to hostile
enchantments, extremely unstealthy
A: thin skeletal structure 1, nightstalker 1, powered by pain 2
a: Berserk, Trog's Hand, Burn Spellbooks, Renounce Religion


You were on level 3 of the Dungeon.
You worshipped Trog.
Trog was pleased with you.
You were near starving.

You visited 1 branch of the dungeon, and saw 3 of its levels.

You collected 106 gold pieces.

Inventory:

Hand Weapons
 a - a +0 hand axe (weapon)
Armour
 d - a +0 pair of boots (worn)
 i - a +1 pair of gloves (worn)
 l - a +1 plate armour (worn)
Jewellery
 o - an uncursed amulet of the gourmand {unknown}
Wands
 n - a wand of digging (10)
Scrolls
 b - 5 scrolls of identify
 h - 2 scrolls of teleportation
 j - 3 scrolls of magic mapping
 m - a scroll of remove curse
 p - a scroll of enchant armour
Potions
 e - a potion of brilliance {unknown}
 f - 2 potions of magic
 k - a potion of agility {unknown}
Comestibles
 c - a bread ration
 g - a meat ration


   Skills:
 + Level 5.3(2.0) Fighting
 + Level 4.8(1.5) Axes
 - Level 1.7(0.0) Armour
 - Level 1.7(0.0) Dodging


You had 5 spell levels left.
You didn't know any spells.

Dungeon Overview and Level Annotations

Branches:
Dungeon (3/15)

Altars:
Gozag
Makhleb
Ru
Yredelemnul


Innate Abilities, Weirdness & Mutations

You have a somewhat thin skeletal structure (Dex +2, Stealth).
You are slightly more attuned to the shadows.
You sometimes gain power by taking damage.


Message History

The adder bites you but does no damage.
You closely miss the adder.
The adder is almost dead.
The adder bites you but does no damage. The adder barely misses you.
You hit the adder.
The adder is almost dead.
The adder bites you.
* * * LOW HITPOINT WARNING * * *
You are lethally poisoned!
The adder poisons you!
Your plate armour prevents you from hitting the adder.
The adder is almost dead.
* * * LOW HITPOINT WARNING * * *
You feel sick. The adder bites you but does no damage.
The adder barely misses you.
You miss the adder.
The adder is almost dead.
You hit the orc but do no damage. The orc hits you but does no damage.
The adder bites you.
You die...

♣♣#................)..){ooS.#
.♣#........################.#
.♣#...####.# .♣#...# #.#
.♣#...# #.# ♣#♣...# #.# #
..#.# #.# # ..♣#.# #.#
#####.## #.# #@S.....
#.#####.o....o #.)......##.##
#######.## # #.# #.# #.# ..#
##


You could see an orc priest, an adder and an orc.

Vanquished Creatures
  A black bear (D:2)
  The ghost of George the Magician, an amateur DEFE (D:3)
  A hound (D:3)
  4 gnolls (D:3)
  2 adders
  3 worms
  2 giant geckos (D:1)
  2 orcs (D:3)
  2 ball pythons
  8 bats
  2 giant cockroaches
  3 hobgoblins
  3 giant newts
  6 goblins
  4 kobolds (D:1)
  5 rats
49 creatures vanquished.

Notes
Turn   | Place    | Note
--------------------------------------------------------------
     0 | D:1      | JokEr the Demonspawn Berserker began the quest for the Orb.
     0 | D:1      | Reached XP level 1. HP: 18/18 MP: 1/1
   401 | D:1      | Gained mutation: You sometimes gain a little power by taking damage. [demonic ancestry]
   401 | D:1      | Reached XP level 2. HP: 24/24 MP: 2/2
  1168 | D:2      | Reached XP level 3. HP: 16/30 MP: 3/3
  1441 | D:2      | Found an opulent altar of Gozag.
  1599 | D:2      | HP: 1/30 [worm (2)]
  2073 | D:2      | Noticed a black bear
  2088 | D:2      | Killed a black bear
  2088 | D:2      | Reached skill level 4 in Fighting
  2088 | D:2      | Gained mutation: You are slightly more attuned to the shadows. [demonic ancestry]
  2088 | D:2      | Reached XP level 4. HP: 12/38 MP: 4/4
  2637 | D:2      | Found a burning altar of Makhleb.
  2637 | D:2      | Found a sacrificial altar of Ru.
  2866 | D:3      | Gained mutation: You have a somewhat thin skeletal structure (Dex +2, Stealth). [demonic ancestry]
  2866 | D:3      | Reached XP level 5. HP: 43/43 MP: 5/5
  2992 | D:3      | Reached ** piety under Trog
  2996 | D:3      | Reached skill level 5 in Fighting
  3268 | D:3      | Noticed George's ghost (amateur DEFE)
  3285 | D:3      | Killed George's ghost
  3285 | D:3      | Gained mutation: You sometimes gain power by taking damage. [demonic ancestry]
  3285 | D:3      | Reached XP level 6. HP: 25/51 MP: 6/6
  3478 | D:3      | Found a basalt altar of Yredelemnul.
  3693 | D:3      | HP: 2/51 [adder (4)]
  3695 | D:3      | Slain by an adder

Vault maps used:
D:1:      scummos_arrival_checkerplants
D:2:      gammafunk_temple_overflow_elements, lemuel_crystal_altar,
          serial_forest, infiniplex_forest_fountain,
          infiniplex_forest_clump_diagonal, infiniplex_forest_straight_1,
          infiniplex_forest_end_double, infiniplex_forest_end_1,
          infiniplex_forest_end_1, first_bread, minmay_misc_feat_tower
D:3:      kennysheep_ying_yang

Action                   |  1- 3 |  4- 6 || total
-------------------------+-------+-------++-------
Melee: Hand axe          |   144 |   126 ||   270
Invok: Berserk           |     1 |     3 ||     4
  Use: Scroll            |     5 |     1 ||     6
  Eat: Chunk             |     1 |     3 ||     4
       Bread ration      |     1 |       ||     1
       Fruit             |       |     2 ||     2
       Pizza             |       |     1 ||     1
